 Dungeon Crawl Stone Soup version 0.24.0-123-gd5b16e6ec5 (webtiles) character file.

Game seed: 8874667332068938022, levelgen mode: deterministic

288 Peloso the Covered (level 6, 0/53 HPs)
             Began as a Minotaur Fighter on Feb 5, 2020.
             Slain by a gnoll
             ... wielding a +0 flail
              (1 damage)
             ... on level 4 of the Dungeon.
             The game lasted 00:04:11 (2111 turns).

Peloso the Covered (Minotaur Fighter)               Turns: 2111, Time: 00:04:11

Health: 0/53       AC:  9    Str: 21    XL:     6   Next: 9%
Magic:  5/5        EV:  6    Int:  5    God:
Gold:   49         SH: 10    Dex: 11    Spells: 5/5 levels left

rFire    + . .     SeeInvis .   a - +0 long sword
rCold    . . .     Gourm    .   c - +0 shield
rNeg     . . .     Faith    .   g - +0 chain mail
rPois    .         Spirit   .   (helmet restricted)
rElec    .         Reflect  .   (no cloak)
rCorr    .         Harm     .   (no gloves)
MR       .....                  (no boots)
Stlth    ..........             (no amulet)
HPRegen  0.17/turn              m - ring of protection from fire
MPRegen  0.09/turn              (no ring)

@: no status effects
A: retaliatory headbutt, horns 2
a: no special abilities


You were on level 4 of the Dungeon.
You were very hungry.

You visited 1 branch of the dungeon, and saw 4 of its levels.

You collected 49 gold pieces.

Inventory:

Hand Weapons
 a - a +0 long sword (weapon)
 j - a +4 dagger
Armour
 b - a +0 scale mail
 c - a +0 shield (worn)
 g - a +0 chain mail (worn)
Jewellery
 m - a ring of protection from fire (left hand)
Scrolls
 d - a scroll of magic mapping {unknown}
 e - 4 scrolls of identify {unknown}
 h - a scroll of immolation {unknown}
 k - 3 scrolls of enchant armour {unknown}
 l - a scroll of teleportation {unknown}
 n - a scroll of amnesia {unknown}
 o - a scroll of noise {unknown}
 p - a scroll of fear {unknown}
 s - a scroll of enchant weapon {unknown}
Potions
 q - a potion of brilliance
Comestibles
 f - 3 rations


   Skills:
 + Level 4.7 Fighting
 + Level 5.0 Long Blades
 + Level 5.2 Armour
 + Level 0.8 Dodging
 + Level 0.1 Stealth
 + Level 4.6 Shields


You had 5 spell levels left.
You didn't know any spells.
Your spell library was empty.

Dungeon Overview and Level Annotations

Branches:
Dungeon (4/15)
 Temple: D:4-7

Altars:
The Shining One

Annotations:
D:3 Grinder, Ijyb


Innate Abilities, Weirdness & Mutations

You reflexively headbutt those who attack you in melee.
You have a pair of horns on your head.


Message History

You block the orc's attack.
Unknown command.
You hit the orc but do no damage. You hit the orc but do no damage.
Your headbutt misses the orc. The orc hits you with a +0 flail.
* * * LOW HITPOINT WARNING * * *
You block the orc's attack.
You hit the orc. You headbutt the orc, but do no damage.
The orc is heavily wounded.
The orc barely misses you. You furiously retaliate!
You headbutt the orc!
You kill the orc!
The gnoll hits you with a +0 flail!
* * * LOW HITPOINT WARNING * * *
There is an open door, spattered with blood here.
Items here: )))))) ? [ †††††† You hit the gnoll.
You headbutt the gnoll, but do no damage.
The gnoll is heavily wounded.
The gnoll hits you with a +0 flail.
You die...

#.............
...........#. #
...........# ..
#.........#>..
#...........#
..##..........##
........).......
...!...g<)......
.######@######..
#)# #...#
.......
........?..
...............
...............
...#..#.#..#...
######...######


You could see a gnoll.

Vanquished Creatures
  An ogre (D:2)
  Jessica (D:2)
  Robin (D:4)
  6 gnolls
  2 adders (D:2)
  A worm (D:2)
  3 dart slugs
  5 leopard geckos
  2 orcs (D:4)
  4 giant cockroaches
  16 goblins
  8 hobgoblins
  4 jackals (D:4)
  5 kobolds
  2 quokkas
  3 bats
  4 frilled lizards
  6 rats
74 creatures vanquished.

Notes
Turn   | Place    | Note
-------+----------+-------------------------------------------
     0 | D:1      | Peloso the Minotaur Fighter began the quest for the Orb.
     0 | D:1      | Reached XP level 1. HP: 19/19 MP: 0/0
    76 | D:1      | Reached XP level 2. HP: 21/27 MP: 1/1
   681 | D:2      | Reached XP level 3. HP: 33/33 MP: 2/2
   836 | D:2      | Noticed Jessica
   849 | D:2      | Killed Jessica
   849 | D:2      | Reached XP level 4. HP: 40/40 MP: 3/3
  1064 | D:2      | Noticed an ogre
  1073 | D:2      | Killed an ogre
  1073 | D:2      | Reached XP level 5. HP: 3/47 MP: 4/4
  1440 | D:2      | Reached skill level 5 in Armour
  1617 | D:2      | Found a glowing golden altar of the Shining One.
  2050 | D:3      | Noticed Grinder
  2051 | D:3      | Noticed Ijyb
  2058 | D:4      | Noticed Robin
  2090 | D:4      | Killed Robin
  2090 | D:4      | Reached skill level 5 in Long Blades
  2103 | D:4      | Reached XP level 6. HP: 14/53 MP: 5/5
  2110 | D:4      | HP: 1/53 [gnoll/+0 flail (9)]
  2111 | D:4      | Slain by a gnoll

Levels and vault maps discovered:
D:1:      ebering_trefoil_twist, layout_basic, grunt_decor_fettered,
          skrybe_limestone_x, serial_bayou_pond_a,
          chequers_serial_rivers_micro_d, minmay_pentomino_u2
D:2:      layout_basic, lemuel_round_altar, uniq_jessica
D:3:      layout_rooms, eat_drink_and_be_merry_uskayaw, serial_curves,
          eino_curves_01, eino_curves_03, uniq_ijyb, uniq_grinder
D:4:      wad_pebble_path, layout_cave_pools, minivault_23, grunt_ministairs_13,
          uniq_robin

Skill      XL: |  1  2  3  4  5 |
---------------+----------------+-----
Armour         | 4 5 |  5.2
Fighting       | 4 |  4.7
Shields        | 4 |  4.6
Long Blades    | 3 4 5 |  5.0
Dodging        | |  0.8
Stealth        | |  0.1

Action                   |  1- 3 |  4- 6 || total
-------------------------+-------+-------++-------
Melee: Long sword        |    75 |   113 ||   188
       Headbutt          |    10 |    12 ||    22
  Use: Potion            |     1 |     4 ||     5
  Eat: Chunk             |       |     3 ||     3
Armor: Scale mail        |     6 |       ||     6
       Chain mail        |    27 |   105 ||   132
Dodge: Dodged            |    16 |    38 ||    54
Block: Shield            |    49 |    98 ||   147
       Rpst.: Long sword |     3 |    11 ||    14
